 Dungeon Crawl Stone Soup version 0.28-a0-804-g60983d4ba9 (webtiles) character file.

Game seed: 11109482690265748089

20381 vurker the Zephyrmancer (level 12, -10/74 HPs)
             Began as a Tengu Air Elementalist on Nov 7, 2021.
             Was an Elder of Vehumet.
             Mangled by a boulder beetle (28 damage)
             ... on level 1 of the Lair of Beasts.
             The game lasted 00:26:04 (19847 turns).

vurker the Zephyrmancer (Tengu Air Elementalist)   Turns: 19847, Time: 00:26:04

Health: -10/74     AC:  9    Str:  8    XL:     12   Next: 78%
Magic:  6/28       EV: 17    Int: 28    God:    Vehumet [****..]
Gold:   412        SH:  7    Dex: 16    Spells: 16/33 levels left

rFire   + + +      SeeInvis .   g - +6 rapier "Edorank" {speed, rF+ Int+6}
rCold   . . .      Faith    .   A - +2 buckler {reflect}
rNeg    . . .      Spirit   .   o - +0 acid dragon scales
rPois   +          Reflect  +   (helmet restricted)
rElec   .          Harm     .   y - +1 cloak of Proximity {rPois rF++ Int+2 Stlth+}
rCorr   +          Rampage  .   B - +0 pair of gloves
Will    +....                   (boots unavailable)
Stlth   +++.......              (no amulet)
HPRegen 0.22/turn               n - +4 ring of evasion
MPRegen 0.21/turn               i - ring of willpower

@: flying quickly and evasively, quick
A: beak, talons 3, nimble flight
a: Renounce Religion


You were on level 1 of the Lair of Beasts.
You worshipped Vehumet.
Vehumet was greatly pleased with you.
You visited 3 branches of the dungeon, and saw 16 of its levels.
You also visited: Ossuary.

You collected 562 gold pieces.
You spent 150 gold pieces at shops.

Inventory:

Hand Weapons
 g - the +6 rapier "Edorank" (weapon) {speed, rF+ Int+6}
   (You found it on level 7 of the Dungeon)

   Attacks with this weapon are significantly faster.
   Int:       It affects your intelligence (+6).
   rF:        It protects you from fire.
Armour
 o - +0 acid dragon scales (worn)
   (You found it on level 10 of the Dungeon)
 w - a +0 leather armour of cold resistance
   (You found it on level 14 of the Dungeon)
 y - the +1 cloak of Proximity (worn) {rPois rF++ Int+2 Stlth+}
   (You found it on level 5 of the Dungeon)

   Int:       It affects your intelligence (+2).
   rF:        It greatly protects you from fire.
   rPois:     It protects you from poison.
   Stlth:     It makes you more stealthy.
 A - a +2 buckler of reflection (worn)
   (You bought it in a shop on level 6 of the Dungeon)
 B - a +0 pair of gloves (worn)
   (You found it on level 4 of the Dungeon)
 C - a +0 robe of willpower
   (You took it off a meliai on level 14 of the Dungeon)
Jewellery
 i - a ring of willpower (right hand)
   (You found it on level 8 of the Dungeon)
 n - a +4 ring of evasion (left hand)
   (You found it on level 3 of the Dungeon)
Wands
 d - a wand of iceblast (8)
   (You took it off Maurice on level 8 of the Dungeon)
 p - a wand of polymorph (15)
   (You found it in an ossuary)
 s - a wand of mindburst (7)
   (You took it off an orc on level 8 of the Dungeon)
 t - a wand of flame (8)
   (You found it on level 4 of the Dungeon)
 v - a wand of digging (2)
   (You found it on level 14 of the Dungeon)
 x - a wand of acid (5)
   (You found it on level 5 of the Dungeon)
Scrolls
 a - 2 scrolls of identify
 b - 3 scrolls of fog
 e - 2 scrolls of magic mapping
 j - a scroll of blinking
 m - 3 scrolls of immolation
 D - 5 scrolls of teleportation
 E - a scroll of amnesia
Potions
 c - 3 potions of invisibility
 f - 4 potions of attraction
 h - 2 potions of haste
 k - 3 potions of curing
 l - 2 potions of mutation
 q - 4 potions of lignification
 r - a potion of cancellation
 u - a potion of heal wounds
 z - a potion of magic


   Skills:
 + Level 8.2 Fighting
 - Level 2.1 Dodging
 - Level 2.0 Stealth
 - Level 4.0 Shields
 * Level 11.0 Spellcasting
 - Level 8.0 Conjurations
 * Level 8.4 Ice Magic
 + Level 13.3 Air Magic


You had 16 spell levels left.
You knew the following spells:

 Your Spells              Type           Power      Damage    Failure   Level
a - Shock                 Conj/Air       100%       1d9       1%          1
b - Lightning Bolt        Conj/Air       33%        1d50      1%          5
c - Airstrike             Air            37%        N/A       1%          4
d - Ozocubu's Refrigerat  Ice            29%        4d10      38%         7

Your spell library contained the following spells:

 Spells                   Type           Power      Damage    Failure   Level
 Static Discharge         Conj/Air       66%        N/A       1%          2
 Ozocubu's Armour         Ice            58%        N/A       1%          3
 Swiftness                Air            74%        N/A       1%          3
 Conjure Ball Lightning   Conj/Air       33%        3x3d11    3%          6
 Animate Skeleton         Necr           30%        N/A       6%          1
 Pain                     Necr           60%        1d7       6%          1
 Call Canine Familiar     Summ           15%        N/A       19%         3
 Portal Projectile        Hex/Tloc       30%        N/A       19%         3
 Vampiric Draining        Necr           15%        2d7       19%         3
 Lee's Rapid Deconstruct  Erth           7%         3d8*      41%         5
 Leda's Liquefaction      Hex/Erth       7%         N/A       54%         4
 Statue Form              Tmut/Erth      10%        N/A       100%        6
 Discord                  Hex            7%         N/A       100%        8
 Disjunction              Tloc           7%         N/A       100%        8


Dungeon Overview and Level Annotations

Branches:
Dungeon (14/15)            Temple (1/1) D:7            Lair (1/6) D:8
    Orc (0/2) D:11        Ossuary (visited)
 Vaults: D:13-14

Altars:
Ashenzari
Cheibriados
Dithmenos
Elyvilon
Fedhas
Hepliaklqana
Kikubaaqudgha
Makhleb
Okawaru
Trog
Uskayaw
Vehumet
Wu Jian
Xom
Yredelemnul
Zin

Shops:
D:4 [   D:6 [   D:11 (   D:12 ?

Annotations:
D:10 1 runed translucent door


Innate Abilities, Weirdness & Mutations

You have a beak for a mouth.
You have claws for feet.
Your magical nature lets you fly swiftly and evasively.


Message History

Vehumet accepts your kill.
You feel your power returning.
You can't see any susceptible monsters within range! (Use Z to cast anyway.)
You can't see any susceptible monsters within range! (Use Z to cast anyway.)
As you read the scroll of identify, it crumbles to dust.
h - 2 potions of haste You see here a water moccasin corpse.
Found a scroll of identify.
a - 2 scrolls of identify (gained 1)
Found a stone staircase leading down.
Found 13 poisoned darts.
Found a rapier.
Found a stone staircase leading down.
There is a stone staircase leading down here.
You see here a +0 rapier.
Found a scale mail.
A black mamba and a bullfrog come into view.
Aim: a bullfrog (wandering, hasn't noticed you, empty space bonus: 7/8)
The air twists around and strikes the bullfrog!
The black mamba hisses angrily.
Aim: a bullfrog (severely wounded, empty space bonus: 6/8)
The air twists around and strikes the bullfrog!!
You kill the bullfrog!
Vehumet accepts your kill.
Aim: a black mamba (empty space bonus: 7/8)
The air twists around and strikes the black mamba!!
A boulder beetle comes into view.
Aim: a black mamba (heavily wounded, empty space bonus: 6/8)
The air twists around and strikes the black mamba!
The black mamba bites you!
The boulder beetle curls into a ball and begins rolling!
The black mamba closely misses you.
Aim: a black mamba (severely wounded, empty space bonus: 6/8)
The air twists around and strikes the black mamba!
You kill the black mamba!
Vehumet accepts your kill.
Aim: a boulder beetle (rolling, empty space bonus: 6/8)
The air twists around and strikes the boulder beetle!
The boulder beetle hits you but does no damage.
The boulder beetle stops rolling and uncurls.
Aim: a boulder beetle (lightly wounded, will become a storm dragon, a shock serpent, or a two-headed ogre, chance to affect: 28%)
The boulder beetle easily resists.
The boulder beetle bites you!!
Aim: a boulder beetle (lightly wounded, will become a storm dragon, a shock serpent, or a two-headed ogre, chance to affect: 28%)
The boulder beetle easily resists.
You block the boulder beetle's attack.
Aim: a boulder beetle (lightly wounded, will become a storm dragon, a shock serpent, or a two-headed ogre, chance to affect: 28%)
The boulder beetle easily resists.
The boulder beetle bites you!!
* * * LOW HITPOINT WARNING * * *
Aim: a boulder beetle (lightly wounded, will become a storm dragon, a shock serpent, or a two-headed ogre, chance to affect: 28%)
The boulder beetle easily resists.
The boulder beetle bites you!!
You die...

##P##....##............##.###
######.......#####.........###
##.##.............#.>.....
#...#......####...#....#..
#........### ##..#....##.
#.....#.+## ###...#.#..
#.....#...## #.....##.#
#.......⌠..### #...##(..#
##...##).@...# #...# ....
#....####.B..# .... .....
####.. #.#...... #..... ##.
..#...⌠.. ....# . ..# .....
.... ⌠...⌠ ..[. .... ....#
.⌠..


You could see a boulder beetle.

Vanquished Creatures
  Erolcha (D:11)
  3 centaur warriors
  2 two-headed ogres (D:10)
  A death yak (D:7)
  Pikel (D:5)
  A deep elf pyromancer (D:13)
  A manticore (D:14)
  2 cyclopes
  An ugly thing (D:13)
  Maurice (D:8)
  A black mamba (Lair:1)
  Psyche (D:8)
  An efreet (D:14)
  2 komodo dragons
  A troll (D:10)
  3 meliai (D:14)
  2 hornets
  Sigmund (D:3)
  3 shadows
  3 yaks (D:11)
  6 wraiths
  2 wyverns
  A vampire (D:9)
  A basilisk (shapeshifter) (D:14)
  22 fire bats (D:10)
  Menkaure (D:6)
  2 acid dragons
  A water moccasin (Lair:1)
  A sky beast (D:6)
  A hornet zombie (D:6)
  2 ice beasts
  4 orc warriors
  7 centaurs
  3 lemures (D:5)
  2 kobold brigands
  A gnoll sergeant (D:7)
  2 elf zombies (Ossuary)
  7 scorpions
  7 bullfrogs
  A wyvern zombie (D:7)
  A water moccasin zombie (D:5)
  A water moccasin skeleton (D:5)
  16 killer bees
  4 wights (D:10)
  3 howler monkeys
  4 centaur zombies
  An orc priest (D:5)
  A hound (D:6)
  2 human zombies (Ossuary)
  A centaur skeleton (D:7)
  An iron imp (D:11)
  A bullfrog skeleton (D:6)
  8 orc wizards
  2 iguanas
  A hound skeleton (D:4)
  3 mummies
  10 gnolls
  7 adders
  A howler monkey skeleton (D:4)
  4 river rats (D:8)
  A shadow imp (D:6)
  A white imp (D:7)
  An adder skeleton (D:4)
  An adder zombie (Ossuary)
  4 worms
  3 dart slugs
  28 orcs
  4 endoplasms
  4 giant cockroaches
  8 goblins
  4 hobgoblins
  21 kobolds
  5 quokkas
  12 ball pythons
  70 bats
  8 frilled lizards
  14 hobgoblin zombies
  2 jackal zombies (Ossuary)
  6 kobold zombies (Ossuary)
  10 orc zombies
  3 rats
  A rat zombie (Ossuary)
389 creatures vanquished.

Vanquished Creatures (others)
  15 fungi
  2 plants
17 creatures vanquished.

Grand Total: 406 creatures vanquished

Notes
Turn   | Place    | Note
-------+----------+-------------------------------------------
     0 | D:1      | vurker the Tengu Air Elementalist began the quest for the
                  | Orb.
     0 | D:1      | Reached XP level 1. HP: 10/10 MP: 4/4
   510 | D:1      | Reached XP level 2. HP: 15/15 MP: 1/6
   963 | D:1      | Reached XP level 3. HP: 14/20 MP: 2/7
  1085 | D:1      | Found a faded altar of an unknown god.
  1314 | D:1      | Reached skill level 1 in Fighting
  1923 | D:2      | Reached XP level 4. HP: 25/25 MP: 1/9
  2399 | D:3      | Reached skill level 5 in Air Magic
  2620 | D:3      | Found a shimmering altar of Xom.
  2767 | D:3      | Noticed Sigmund
  2884 | D:3      | Gained mutation: Your magical nature lets you fly swiftly
                  | and evasively. [Tengu growth]
  2884 | D:3      | Reached XP level 5. HP: 29/29 MP: 2/10
  3025 | D:2      | Learned a level 4 spell: Airstrike
  3445 | D:3      | Killed Sigmund
  3446 | D:3      | Reached skill level 6 in Air Magic
  3446 | D:3      | Reached XP level 6. HP: 30/35 MP: 4/12
  3861 | D:4      | Found a sand-covered staircase.
  3892 | Ossuary  | Entered an ossuary
  4566 | Ossuary  | Reached XP level 7. HP: 26/40 MP: 1/14
  4876 | Ossuary  | Reached skill level 7 in Air Magic
  5577 | D:4      | Found Wizebbiu's Antique Armour Emporium.
  5623 | D:4      | Found a glowing silver altar of Zin.
  6017 | D:5      | Entered Level 5 of the Dungeon
  6385 | D:5      | Identified the +1 cloak of Proximity {rPois rF++ Int+2
                  | Stlth+}
  6430 | D:5      | Noticed Pikel
  6451 | D:5      | Killed Pikel
  6452 | D:5      | Reached skill level 5 in Spellcasting
  6452 | D:5      | Reached skill level 5 in Conjurations
  6452 | D:5      | Reached skill level 8 in Air Magic
  6452 | D:5      | Reached XP level 8. HP: 25/48 MP: 1/17
  7198 | D:6      | Reached skill level 9 in Air Magic
  7379 | D:5      | Reached XP level 9. HP: 45/52 MP: 1/19
  7952 | D:6      | Found a shadowy altar of Dithmenos.
  8003 | D:6      | Found Roeqiap's Antique Armour Boutique.
  8009 | D:6      | Bought a glowing buckler for 150 gold pieces
  8025 | D:6      | Noticed Menkaure
  8027 | D:6      | Killed Menkaure
  8201 | D:6      | Reached skill level 10 in Air Magic
  8547 | D:6      | Reached skill level 1 in Shields
  8687 | D:7      | Found a staircase to the Ecumenical Temple.
  8938 | D:7      | Identified the +6 rapier "Edorank" {speed, rF+ Int+6}
  8942 | Temple   | Entered the Ecumenical Temple
  8983 | Temple   | Became a worshipper of Vehumet
  9329 | D:7      | Reached skill level 5 in Fighting
 10223 | D:7      | Learned a level 7 spell: Ozocubu's Refrigeration
 10496 | D:8      | Found a staircase to the Lair.
 10496 | D:8      | Noticed a death yak
 10499 | D:8      | Noticed a death yak
 10532 | D:7      | Killed a death yak
 10533 | D:7      | Reached XP level 10. HP: 38/59 MP: 1/22
 10650 | D:8      | Noticed Psyche
 10653 | D:8      | Killed Psyche
 10846 | D:8      | Noticed Maurice
 10861 | D:8      | Killed Maurice
 10862 | D:8      | Reached skill level 11 in Air Magic
 10991 | D:8      | Reached * piety under Vehumet
 10991 | D:8      | Offered knowledge of Sandblast by Vehumet.
 11268 | D:8      | Found a blossoming altar of Fedhas.
 11441 | D:8      | Found a burning altar of Makhleb.
 11441 | D:8      | Noticed a green death
 11549 | D:8      | Found an ancient bone altar of Kikubaaqudgha.
 13355 | D:8      | Found an ornate altar of the Wu Jian Council.
 13406 | D:10     | Entered Level 10 of the Dungeon
 13406 | D:10     | Noticed a two-headed ogre
 13551 | D:10     | Reached XP level 11. HP: 64/64 MP: 12/24
 13627 | D:10     | Found a broken altar of Ashenzari.
 13644 | D:10     | Noticed a two-headed ogre
 13648 | D:10     | Killed a two-headed ogre
 13825 | D:10     | Reached ** piety under Vehumet
 13825 | D:10     | Offered knowledge of Poisonous Vapours by Vehumet.
 13968 | D:10     | Reached skill level 5 in Ice Magic
 14372 | D:10     | Killed a two-headed ogre
 14812 | D:10     | Found a runed translucent door.
 14818 | D:10     | Found a snail-covered altar of Cheibriados.
 14838 | D:10     | Found an ancient bone altar of Kikubaaqudgha.
 14843 | D:10     | Offered knowledge of Stone Arrow by Vehumet.
 15057 | D:10     | Found a hazy altar of Hepliaklqana.
 15069 | D:10     | Reached skill level 12 in Air Magic
 15071 | D:10     | Reached *** piety under Vehumet
 15164 | D:10     | Found a basalt altar of Yredelemnul.
 15205 | D:10     | Offered knowledge of Sticky Flame by Vehumet.
 15542 | D:10     | Found a snail-covered altar of Cheibriados.
 15571 | D:10     | Reached **** piety under Vehumet
 15647 | D:10     | Found a white marble altar of Elyvilon.
 15657 | D:10     | Offered knowledge of Lightning Bolt by Vehumet.
 15690 | D:10     | Learned a level 5 spell: Lightning Bolt
 15906 | D:10     | Noticed a flayed ghost
 15948 | D:11     | Noticed Erolcha
 16087 | D:11     | Reached skill level 10 in Spellcasting
 16087 | D:11     | Reached XP level 12. HP: 71/72 MP: 8/27
 16235 | D:11     | Found a snail-covered altar of Cheibriados.
 16284 | D:11     | Found Enweal's Antique Weapon Shop.
 16778 | D:11     | Found a staircase to the Orcish Mines.
 16807 | D:11     | Killed Erolcha
 16854 | D:11     | You are sucked into a shaft and drop 3 floors!
 17011 | D:14     | Noticed a centaur warrior
 17019 | D:14     | Killed a centaur warrior
 17276 | D:13     | Noticed a centaur warrior
 17652 | D:14     | Noticed a centaur warrior
 17775 | D:14     | Killed a centaur warrior
 17776 | D:14     | Reached skill level 13 in Air Magic
 18458 | D:13     | Killed a centaur warrior
 19092 | D:12     | Found Reukuhum's Magic Scroll Boutique.
 19622 | Lair:1   | Entered Level 1 of the Lair of Beasts
 19840 | Lair:1   | Noticed a boulder beetle
 19847 | Lair:1   | Mangled by a boulder beetle

Illustrated notes

Levels and vault maps discovered:
D:1:      psy_arrival_fountain, layout_basic,
          shapermc_ecumenical_altar_mp_ritualfount
D:2:      layout_rooms
D:3:      layout_rooms, xom_teletrap_fun, uniq_sigmund
D:4:      layout_basic, zin_scriptorium, serial_shops,
          nicolae_shop_temple_entry_statues_fountains,
          nicolae_ossuary_entry_giza
D:5:      layout_loops_ring, uniq_pikel
D:6:      old_forge, layout_cave_pools, nicolae_dithmenos_shadow_blocks,
          serial_shops, nicolae_shop_statue_plus, uniq_menkaure
D:7:      layout_cave_pods, minmay_temple_entry_statues_fountains
D:8:      layout_rooms, makhleb_altar_promises_db, kennysheep_mini,
          nicolae_overflow_hidden_temple, dpeg_lair_monsters, uniq_maurice,
          uniq_psyche
D:9:      layout_gridville
D:10:     due_megacathedral, layout_basic, kennysheep_mini_moat
D:11:     layout_cave_pools, orc_0_dummy, nicolae_take_the_stairs, slow_altar_1,
          uniq_erolcha
D:12:     layout_stronghold, serial_shops, nicolae_shop_waterfront, uniq_sonja
D:13:     layout_basic, david_vaults_1
D:14:     layout_long_grid, chequers_decorated_corner, argonaut_gorgonesque
Temple:   dpeg_chambers_temple
Lair:1:   layout_misc_corridors, lemuel_centaur_altar, grunt_megastairs_4,
          uniq_gastronok

Skill      XL: |  1  2  3  4  5  6  7  8  9 10 11 12 |
---------------+-------------------------------------+-----
Conjurations   | 2 3 4 5 6 7 8 |  8.0
Fighting       | 1 2 3 4 5 6 7 8 |  8.2
Air Magic      | 5 6 8 9 10 11 12 13 | 13.3
Spellcasting   | 3 4 5 6 7 8 10 11 | 11.0
Shields        | 2 3 4 |  4.0
Ice Magic      | 2 4 6 8 |  8.4
Dodging        | |  2.1
Stealth        | |  2.0

Action                   |  1- 3 |  4- 6 |  7- 9 | 10-12 || total
-------------------------+-------+-------+-------+-------++-------
Melee: Unarmed           |     4 |     8 |     9 |       ||    21
       Kick              |     2 |     6 |     3 |     1 ||    12
       Peck              |       |     3 |     1 |       ||     4
       Rapier            |       |       |       |     1 ||     1
 Cast: Shock             |    75 |   197 |   112 |   126 ||   510
       Airstrike         |       |       |    86 |   255 ||   341
Evoke: Wand              |       |     5 |     5 |    16 ||    26
  Use: Scroll            |       |       |    14 |    12 ||    26
 Stab: Sleeping          |       |     1 |       |       ||     1
Armor: Robe              |     7 |     8 |     6 |     4 ||    25
       Acid dragon scale |       |       |       |    40 ||    40
Dodge: Dodged            |    16 |    76 |    52 |   154 ||   298
Block: Buckler           |       |       |     5 |    71 ||    76
       Reflection        |       |       |       |     8 ||     8

Table legend: (Time is in decaauts)
 A = Elapsed time spent in this place.
 B = Non-inter-level travel time spent in this place.
 C = Inter-level travel time spent in this place.
 D = Time resting spent in this place.
 E = Time spent auto-exploring this place.
 F = Levels seen in this place.
 G = Mean time per level.
                   A        B        C        D        E       F      G
               +--------+--------+--------+--------+--------+-----+--------+
         Total |  19149 |  18410 |    739 |   1501 |  14342 |  17 | 1126.4 |
       Dungeon |  17666 |  16946 |    720 |   1501 |  13264 |  14 | 1261.9 |
        Temple |     56 |     38 |     18 |      0 |     28 |   1 |   56.0 |
          Lair |    206 |    206 |      0 |      0 |    183 |   1 |  206.0 |
       Ossuary |   1220 |   1220 |      0 |      0 |    865 |   1 | 1220.0 |
               +--------+--------+--------+--------+--------+-----+--------+

Top non-repeatable levels by time:
    D:10: 2661 daAuts
     D:9: 1855 daAuts
    D:14: 1619 daAuts
     D:6: 1520 daAuts
     D:7: 1496 daAuts
     D:1: 1281 daAuts
     D:5: 1225 daAuts
 Ossuary: 1220 daAuts
     D:3: 1129 daAuts
     D:2: 1116 daAuts
     D:4: 1114 daAuts
     D:8: 1057 daAuts
    D:11: 915 daAuts
    D:13: 523 daAuts
  Lair:1: 206 daAuts
